 Dungeon Crawl Stone Soup version 0.20-a0-1026-gc3ddcbd (webtiles) character file.

728 dvd the Chiller (level 7, 0/47 (48) HPs)
             Began as a Demonspawn Ice Elementalist on Apr 20, 2017.
             Was an Initiate of Ashenzari.
             Slain by Menkaure (14 damage)
             ... on level 4 of the Dungeon.
             The game lasted 00:16:04 (4522 turns).

dvd the Chiller (Demonspawn Ice Elementalist)       Turns: 4522, Time: 00:16:05

HP:   0/47 (48)     AC: 18    Str:  8    XL:     7   Next: 44%
MP:   3/13          EV: 12    Int: 19    God:    Ashenzari [......]
Gold: 263           SH:  0    Dex: 13    Spells: 5/14 levels left

rFire    . . .     SeeInvis .   u - +1 short sword (protect)
rCold    . . .     Gourm    .   (no shield)
rNeg     . . .     Faith    .   v - +0 leather armour
rPois    .         Spirit   .   B - +2 hat (curse)
rElec    .         Reflect  .   (no cloak)
rCorr    .         Harm     .   (no gloves)
MR       .....                  (no boots)
Stlth    ++++......             (no amulet)
Regen    0.2/turn               m - ring of stealth
MPRegen  0.2/turn               (no ring)

@: icy armour, protection aura, very slightly contaminated, slow
A: claws 2, nightstalker 1, sturdy frame 1
a: Curse Item, Renounce Religion


You were on level 4 of the Dungeon.
You worshipped Ashenzari.
Ashenzari was noncommittal.
You were very hungry.

You visited 2 branches of the dungeon, and saw 5 of its levels.
You also visited: Sewer.

You collected 263 gold pieces.

Inventory:

Hand Weapons
 a - a +2 dagger of draining
 n - a +0 rapier
 r - a +0 whip of venom
 u - a +1 short sword of protection (weapon)
 D - a +1 mace of protection
Armour
 v - a +0 leather armour (worn)
 B - a cursed +2 hat (worn)
 E - a +0 buckler
Jewellery
 m - a ring of stealth (left claw)
Wands
 e - a wand of confusion (6/48)
 o - a wand of iceblast (1/15)
Scrolls
 d - 4 scrolls of remove curse
 f - a scroll of teleportation {unknown}
 i - 5 scrolls of identify
 j - 2 scrolls of immolation {unknown}
 q - 4 scrolls of blinking {unknown}
 x - a scroll of recharging {unknown}
 y - 3 scrolls of fear {unknown}
 C - a scroll of enchant armour {unknown}
Potions
 g - a potion of might {unknown}
 k - a potion of curing
 l - a potion of brilliance {unknown}
 p - 2 potions of berserk rage {unknown}
 s - 2 potions of mutation {unknown}
 w - a potion of haste {unknown}
 A - 2 potions of heal wounds {unknown}
Books
 b - a book of Frost

   Spells                             Type                      Level
   a - Freeze                         Ice                          1
   b - Throw Frost                    Conjuration/Ice              2
   c - Ozocubu's Armour               Charms/Ice                   3
   d - Throw Icicle                   Conjuration/Ice              4
   e - Summon Ice Beast               Ice/Summoning                4
 z - a book of Necromancy

   Spells                             Type                      Level
   a - Pain                           Necromancy                   1
   b - Animate Skeleton               Necromancy                   1
   c - Vampiric Draining              Necromancy                   3
   d - Regeneration                   Charms/Necromancy            3
   e - Animate Dead                   Necromancy                   4
   f - Control Undead                 Necromancy                   4
Comestibles
 c - 4 bread rations
 h - 9 fruits
 t - 2 meat rations


   Skills:
 + Level 1.2 Fighting
 + Level 1.9 Short Blades
 + Level 1.3 Armour
 + Level 2.3 Dodging
 + Level 3.2 Stealth
 + Level 4.3 Spellcasting
 + Level 1.1 Conjurations
 + Level 1.1 Charms
 + Level 5.0 Ice Magic
 + Level 0.8 Evocations


You had 5 spell levels left.
You knew the following spells:

 Your Spells              Type           Power        Failure   Level  Hunger
a - Freeze                Ice            ###.         1%          1    None
b - Throw Frost           Conj/Ice       ###...       6%          2    #......
c - Ozocubu's Armour      Chrm/Ice       ###.....     12%         3    ###....
d - Regeneration          Chrm/Necr      #.........   32%         3    ###....


Dungeon Overview and Level Annotations

Branches:
Dungeon (4/15)             Temple (1/1) D:4

Altars:
Ashenzari
Dithmenos
Elyvilon
Fedhas
Gozag
Hepliaklqana
Kikubaaqudgha
Makhleb
Okawaru
Qazlal
Ru
Trog
Uskayaw
Vehumet
Wu Jian
Yredelemnul
Zin
The Shining One

Annotations:
D:4 Menkaure


Innate Abilities, Weirdness & Mutations

You have very sharp fingernails.
You are slightly more attuned to the shadows.
Your movements are slightly less encumbered by armour. (ER -2)


Message History

You hit Menkaure.
Menkaure is moderately damaged.
Menkaure hits you.
You hit Menkaure.
Menkaure is moderately damaged.
Casting: Regeneration
Confirm with . or Enter, or press ? or * to list all spells.
You miscast Regeneration.
You sense a malignant aura.
Menkaure hits you but does no damage.
You hit Menkaure.
Menkaure is heavily damaged.
Menkaure hits you.
You barely miss Menkaure.
Menkaure is heavily damaged.
Menkaure hits you!
* * * LOW HITPOINT WARNING * * *
You hit Menkaure but do no damage.
Menkaure is heavily damaged.
Menkaure hits you!
You die...

#.....)....
.........##
##.........
.........#
...........
........##
.##........
.......##
###........
.......######
.###.......
....##......#
..##.......
...###.######
♣.###......
.####..# ..##
...... #@.##
♣..# ###.##
#M## ...# ##
..# ...# ..##
...# #.# ..##
.# .## .. ##
#


You could see Menkaure.

Vanquished Creatures
  Purgy (D:4)
  An ice beast (D:4)
  2 ogres (D:4)
  A gnoll shaman (D:4)
  A worker ant (D:4)
  6 gnolls
  7 adders
  8 river rats
  2 oozes
  An adder skeleton (D:4)
  2 dart slugs
  3 worms (D:3)
  2 leopard geckos
  8 orcs (D:3)
  4 bats
  9 giant cockroaches
  9 goblins
  8 hobgoblins
  5 jackals
  12 kobolds
  3 ball pythons
  11 frilled lizards
  19 rats
125 creatures vanquished.

Notes
Turn   | Place    | Note
-------+----------+-------------------------------------------
     0 | D:1      | dvd the Demonspawn Ice Elementalist began the quest for the Orb.
     0 | D:1      | Reached XP level 1. HP: 13/13 MP: 3/3
   214 | D:1      | Reached skill level 3 in Ice Magic
   214 | D:1      | Gained mutation: Your movements are slightly less encumbered by armour. (ER -2) [demonic ancestry]
   214 | D:1      | Reached XP level 2. HP: 19/19 MP: 3/5
   421 | D:1      | Learned a level 2 spell: Throw Frost
   925 | D:2      | Gained mutation: You are slightly more attuned to the shadows. [demonic ancestry]
   925 | D:2      | Reached XP level 3. HP: 20/24 MP: 1/6
  1236 | D:2      | Found a white marble altar of Elyvilon.
  1273 | D:2      | Found a faded altar of an unknown god.
  1276 | D:2      | Reached skill level 1 in Short Blades
  1276 | D:2      | Gained mutation: You have sharp fingernails. [demonic ancestry]
  1276 | D:2      | Reached XP level 4. HP: 11/30 MP: 3/8
  1629 | D:2      | Learned a level 3 spell: Ozocubu's Armour
  2225 | D:3      | Found a stormy altar of Qazlal.
  2234 | D:3      | Found an opulent altar of Gozag.
  2283 | D:3      | Reached XP level 5. HP: 36/36 MP: 3/10
  2511 | D:3      | Found a glowing drain.
  2557 | Sewer    | Entered a sewer
  2735 | Sewer    | Reached skill level 4 in Ice Magic
  2887 | Sewer    | Reached XP level 6. HP: 42/42 MP: 9/11
  3296 | D:3      | Found a glowing silver altar of Zin.
  3428 | D:3      | Found an ornate altar of the Wu Jian Council.
  3582 | D:4      | Found a staircase to the Ecumenical Temple.
  3595 | Temple   | Entered the Ecumenical Temple
  3820 | Temple   | Became a worshipper of Ashenzari the Shackled
  3869 | D:4      | Learned a level 3 spell: Regeneration
  3967 | D:4      | Reached skill level 1 in Fighting
  3975 | D:4      | Gained mutation: You have very sharp fingernails. [demonic ancestry]
  3975 | D:4      | Reached XP level 7. HP: 36/48 MP: 4/13
  4026 | D:4      | Noticed Purgy
  4057 | D:4      | Killed Purgy
  4057 | D:4      | Reached skill level 1 in Armour
  4441 | D:4      | Reached skill level 1 in Charms
  4441 | D:4      | Reached skill level 5 in Ice Magic
  4504 | D:4      | Noticed Menkaure
  4522 | D:4      | Slain by Menkaure

Vault maps used:
D:1:      dpeg_arrival_shelter
D:2:      chequers_ecumenical_altar_island, first_bread, grunt_ministairs_6,
          elyvilon_altar_3
D:3:      zin_treasury, marbit_many_paths, nicolae_qazlal_general_emergency,
          portal_sewer_entry_a, st_stairs_3,
          nicolae_gozag_cash_rules_everything_around_me
D:4:      minmay_temple_entry_trees, uniq_purgy, uniq_menkaure
Temple:   regret_index_temple_generic_petals
Sewer:    sewer_co_cracked_pipes

Skill      XL: |  1  2  3  4  5  6  7 |
---------------+----------------------+-----
Dodging        | 2 |  2.3
Ice Magic      | 3 4 5 |  5.0
Short Blades   | 1 |  1.9
Spellcasting   | 3 4 |  4.3
Stealth        | 2 3 |  3.2
Fighting       | 1 |  1.2
Armour         | 1 |  1.3
Charms         | 1 |  1.1
Conjurations   | |  1.1
Evocations     | |  0.8

Action                   |  1- 3 |  4- 6 |  7- 9 || total
-------------------------+-------+-------+-------++-------
Melee: Short sword       |    26 |    52 |    34 ||   112
       Dagger            |       |    87 |    25 ||   112
 Cast: Freeze            |    39 |    60 |     5 ||   104
       Throw Frost       |     2 |    13 |       ||    15
       Ozocubu's Armour  |       |     8 |     3 ||    11
       Regeneration      |       |       |     2 ||     2
Invok: Curse Item        |       |       |     1 ||     1
Evoke: Wand              |       |     6 |     2 ||     8
  Use: Potion            |       |     1 |       ||     1
       Scroll            |       |     2 |       ||     2
 Stab: Sleeping          |     4 |    21 |     1 ||    26
       Confused          |       |     1 |       ||     1
  Eat: Chunk             |     1 |    11 |     1 ||    13
Armor: Robe              |     2 |    17 |       ||    19
       Leather armour    |       |    27 |    36 ||    63
Dodge: Dodged            |    40 |   100 |    48 ||   188
